 Dungeon Crawl Stone Soup version 0.28.0 (webtiles) character file.

Game seed: 13634304835898232770

147 Sanktem7 the Chiller (level 5, -1/37 HPs)
             Began as a Gnoll Ice Elementalist on Feb 8, 2022.
             Slain by a gnoll (7 damage)
             ... on level 3 of the Dungeon.
             The game lasted 00:04:41 (1942 turns).

Sanktem7 the Chiller (Gnoll Ice Elementalist)       Turns: 1942, Time: 00:04:41

Health: -1/37      AC:  2    Str:  8    XL:     5   Next: 29%
Magic:  12/12      EV: 14    Int: 19    God:
Gold:   177        SH:  0    Dex: 14    Spells: 13/14 levels left

rFire   . . .      SeeInvis .   f - +11 spear of Obsession {drain, Contam Int+3 Dex+2}
rCold   . . .      Faith    .   (no shield)
rNeg    . . .      Spirit   .   a - +0 robe
rPois   .          Reflect  .   (no helmet)
rElec   .          Harm     .   (no cloak)
rCorr   .          Rampage  .   (no gloves)
Will    .....                   (no boots)
Stlth   +++.......              (no amulet)
HPRegen 0.12/turn               (no ring)
MPRegen 0.13/turn               (no ring)

@: no status effects
A: fangs 1, strong nose, distributed training
a: no special abilities


You were on level 3 of the Dungeon.
You visited 1 branch of the dungeon, and saw 3 of its levels.

You collected 177 gold pieces.

Inventory:

Hand Weapons
 f - the +11 spear of Obsession (weapon) {drain, Contam Int+3 Dex+2}
   (You found it on level 2 of the Dungeon)

   A truly terrible weapon, it drains the life of any living foe it strikes.
   Int:       It affects your intelligence (+3).
   Dex:       It affects your dexterity (+2).
   Contam:    It causes magical contamination when unequipped.
Armour
 a - a +0 robe (worn)
Scrolls
 b - 2 scrolls of noise {unknown}
 c - a scroll of identify {unknown}
 e - a scroll of enchant weapon {unknown}
 i - a scroll of vulnerability {unknown}
 k - a scroll of torment {unknown}
 l - a scroll of fog {unknown}
 m - a scroll of teleportation {unknown}
Potions
 d - a potion of curing {unknown}
 g - a potion of heal wounds {unknown}
 h - a potion of invisibility {unknown}
 j - a potion of ambrosia {unknown}


   Skills:
 + Level 1.4 Fighting
 + Level 1.4 Short Blades
 + Level 1.4 Long Blades
 + Level 1.4 Axes
 + Level 1.4 Maces & Flails
 + Level 1.4 Polearms
 + Level 1.4 Staves
 + Level 1.4 Slings
 + Level 1.4 Bows
 + Level 1.4 Crossbows
 + Level 1.4 Throwing
 + Level 1.4 Armour
 + Level 4.7 Dodging
 + Level 4.4 Stealth
 + Level 1.4 Shields
 + Level 1.4 Unarmed Combat
 + Level 5.2 Spellcasting
 + Level 1.1 Conjurations
 + Level 1.1 Hexes
 + Level 1.1 Summonings
 + Level 1.1 Necromancy
 + Level 1.1 Translocations
 + Level 1.1 Transmutations
 + Level 1.1 Fire Magic
 + Level 7.2 Ice Magic
 + Level 1.1 Air Magic
 + Level 1.1 Earth Magic
 + Level 1.1 Poison Magic
 + Level 1.6 Invocations
 + Level 1.4 Evocations


You had 13 spell levels left.
You knew the following spells:

 Your Spells              Type           Power      Damage    Failure   Level
a - Freeze                Ice            100%       1d11      1%          1

Your spell library contained the following spells:

 Spells                   Type           Power      Damage    Failure   Level
 Frozen Ramparts          Ice            64%        1d8       1%          3
 Ozocubu's Armour         Ice            32%        N/A       1%          3
 Hailstorm                Conj/Ice       20%        3d6       22%         4


Dungeon Overview and Level Annotations

Branches:
Dungeon (3/15)

Altars:
Hepliaklqana


Innate Abilities, Weirdness & Mutations

You have very sharp teeth.
Your uncanny sense of smell can sniff out nearby items.
Your experience applies equally to all skills.


Message History

A quokka is nearby!
You see here a scroll labelled ZIANEA MONULA.
A gnoll comes into view. It is wielding a +0 spear.
A gnoll comes into view. It is wielding a +0 spear.
A gnoll comes into view. It is wielding a +0 halberd.
The gnoll shouts!
You hit the quokka.
The quokka is heavily wounded.
The quokka closely misses you. The gnoll hits you with a +0 spear!
You hit the quokka.
You kill the quokka!
The gnoll barely misses you.
You hit the gnoll. Your bite misses the gnoll.
The gnoll is moderately wounded.
The gnoll barely misses you. The gnoll closely misses you.
You hit the gnoll.
The gnoll is severely wounded.
The gnoll barely misses you. The gnoll closely misses you. x2
You hit the gnoll. You drain the gnoll.
You kill the gnoll!
The gnoll hits you from afar with a +0 halberd.
The gnoll hits you from afar with a +0 spear.
The gnoll barely misses you. The gnoll hits you with a +0 spear.
You see here a +0 spear.
You hit the gnoll but do no damage. The gnoll closely misses you.
The gnoll barely misses you.
The gnoll hits you from afar with a +0 halberd.
You puncture the gnoll! You drain the gnoll.
You kill the gnoll!
The gnoll closely misses you. The gnoll hits you with a +0 halberd!
* * * LOW HITPOINT WARNING * * *
You completely miss the gnoll. The gnoll barely misses you.
You hit the gnoll.
The gnoll is moderately wounded.
The gnoll barely misses you.
You barely miss the gnoll. Your bite misses the gnoll.
The gnoll is moderately wounded.
The gnoll hits you with a +0 halberd!
You die...

#....#.##........#
#.###............#.##.#
#.#.................#..
##.#......#.?...........
(.........#.............
.................#......
........................
...............)#g......
.##.......#....)@.#.##
.#.....>........†....#
......#.........##......
............##### ###...
#........... ..
............ #
............
##.......... ..........


You could see a gnoll.

Vanquished Creatures
  A bullfrog zombie (D:3)
  2 gnolls (D:3)
  3 adders (D:2)
  3 dart slugs (D:1)
  6 bats
  8 endoplasms
  A giant cockroach (D:2)
  6 goblins
  4 hobgoblins
  3 jackals (D:2)
  8 kobolds
  A quokka (D:3)
  7 ball pythons
  5 frilled lizards (D:1)
  4 rats (D:1)
62 creatures vanquished.

Notes
Turn   | Place    | Note
-------+----------+-------------------------------------------
     0 | D:1      | Sanktem7 the Gnoll Ice Elementalist began the quest for the
                  | Orb.
     0 | D:1      | Reached XP level 1. HP: 13/13 MP: 6/6
   118 | D:1      | Reached XP level 2. HP: 15/19 MP: 5/7
   506 | D:1      | Reached XP level 3. HP: 25/25 MP: 7/9
   535 | D:1      | Reached skill level 5 in Spellcasting
   929 | D:1      | Found a faded altar of an unknown god.
   929 | D:1      | Noticed a floating eye
   935 | D:1      | Reached skill level 1 in Invocations
   961 | D:1      | Noticed a great orb of eyes
   961 | D:1      | Noticed an eye of devastation
   961 | D:1      | Noticed a shining eye
  1211 | D:2      | Identified the +11 spear of Obsession {drain, Contam Int+3
                  | Dex+2}
  1328 | D:2      | Reached skill level 1 in Fighting
  1328 | D:2      | Reached skill level 1 in Short Blades
  1328 | D:2      | Reached skill level 1 in Long Blades
  1328 | D:2      | Reached skill level 1 in Axes
  1328 | D:2      | Reached skill level 1 in Maces & Flails
  1328 | D:2      | Reached skill level 1 in Polearms
  1328 | D:2      | Reached skill level 1 in Staves
  1328 | D:2      | Reached skill level 1 in Slings
  1328 | D:2      | Reached skill level 1 in Bows
  1328 | D:2      | Reached skill level 1 in Crossbows
  1328 | D:2      | Reached skill level 1 in Throwing
  1328 | D:2      | Reached skill level 1 in Armour
  1328 | D:2      | Reached skill level 1 in Shields
  1328 | D:2      | Reached skill level 1 in Unarmed Combat
  1328 | D:2      | Reached skill level 1 in Evocations
  1335 | D:2      | Reached XP level 4. HP: 31/32 MP: 11/11
  1607 | D:2      | Reached skill level 1 in Conjurations
  1607 | D:2      | Reached skill level 1 in Hexes
  1607 | D:2      | Reached skill level 1 in Summonings
  1607 | D:2      | Reached skill level 1 in Necromancy
  1607 | D:2      | Reached skill level 1 in Translocations
  1607 | D:2      | Reached skill level 1 in Transmutations
  1607 | D:2      | Reached skill level 1 in Fire Magic
  1607 | D:2      | Reached skill level 1 in Air Magic
  1607 | D:2      | Reached skill level 1 in Earth Magic
  1607 | D:2      | Reached skill level 1 in Poison Magic
  1817 | D:3      | Found a hazy altar of Hepliaklqana.
  1829 | D:3      | Reached XP level 5. HP: 37/37 MP: 9/12
  1942 | D:3      | Slain by a gnoll

Illustrated notes

Levels and vault maps discovered:
D:1:      dpeg_arrival_round_b, layout_loops_ring,
          hellmonk_ecumenical_altar_watching_god, minmay_liquid_box,
          roderic_lattice_a
D:2:      layout_rooms, minmay_distorted
D:3:      layout_rooms, amcnicky_altar_gilded, portal_sewer_entry_e,
          uniq_natasha

Skill      XL: |  1  2  3  4 |
---------------+-------------+-----
Spellcasting   | 5 |  5.2
Invocations    | 1 |  1.6
Fighting       | 1 |  1.4
Short Blades   | 1 |  1.4
Long Blades    | 1 |  1.4
Axes           | 1 |  1.4
Maces & Flails | 1 |  1.4
Polearms       | 1 |  1.4
Staves         | 1 |  1.4
Slings         | 1 |  1.4
Bows           | 1 |  1.4
Crossbows      | 1 |  1.4
Throwing       | 1 |  1.4
Armour         | 1 |  1.4
Shields        | 1 |  1.4
Unarmed Combat | 1 |  1.4
Evocations     | 1 |  1.4
Conjurations   | 1 |  1.1
Hexes          | 1 |  1.1
Summonings     | 1 |  1.1
Necromancy     | 1 |  1.1
Translocations | 1 |  1.1
Transmutations | 1 |  1.1
Fire Magic     | 1 |  1.1
Air Magic      | 1 |  1.1
Earth Magic    | 1 |  1.1
Poison Magic   | 1 |  1.1
Dodging        | |  4.7
Stealth        | |  4.4
Ice Magic      | |  7.2

Action                   |  1- 3 |  4- 6 || total
-------------------------+-------+-------++-------
Melee: Unarmed           |     7 |       ||     7
       Spear             |    14 |    37 ||    51
       Bite              |     2 |     3 ||     5
 Cast: Freeze            |    44 |     4 ||    48
 Stab: Sleeping          |     3 |     2 ||     5
Armor: Robe              |     7 |     3 ||    10
Dodge: Dodged            |    27 |    38 ||    65
